 Dungeon Crawl Stone Soup version 0.20.2-3-g29329e0561 (webtiles) character file.

605 Alfie the Covered (level 7, -5/61 HPs)
             Began as a Hill Orc Fighter on Oct 20, 2022.
             Slain by an ogre
             ... wielding a +0 giant club
              (14 damage)
             ... on level 4 of the Dungeon.
             The game lasted 00:07:46 (2808 turns).

Alfie the Covered (Hill Orc Fighter)                Turns: 2808, Time: 00:07:47

Health: -5/61      AC:  8    Str: 21    XL:     7   Next: 42%
Magic:  7/7        EV:  8    Int:  8    God:
Gold:   279        SH:  9    Dex: 10    Spells: 6/6 levels left

rFire    . . .     SeeInvis .   a - +0 rapier
rCold    . . .     Gourm    .   c - +0 shield
rNeg     . . .     Faith    .   b - +1 scale mail
rPois    .         Spirit   .   (no helmet)
rElec    .         Reflect  .   (no cloak)
rCorr    .         Harm     .   (no gloves)
MR       .....                  (no boots)
Stlth    ..........             (no amulet)
Regen    0.2/turn               (no ring)
MPRegen  0.1/turn               (no ring)

@: no status effects
A: no striking features
a: no special abilities


You were on level 4 of the Dungeon.
You were not hungry.

You visited 1 branch of the dungeon, and saw 4 of its levels.

You collected 279 gold pieces.

Inventory:

Hand Weapons
 a - a +0 rapier (weapon)
Armour
 b - a +1 scale mail (worn)
 c - a +0 shield (worn)
Jewellery
 s - an uncursed ring of protection from cold {unknown}
 t - an uncursed amulet of magic regeneration {unknown}
Scrolls
 i - a scroll of magic mapping
 k - 6 scrolls of remove curse
 l - 6 scrolls of identify
 p - 4 scrolls of amnesia {unknown}
 q - a scroll of fear {unknown}
 r - 3 scrolls of enchant weapon {unknown}
 u - a scroll of fog {unknown}
Potions
 d - 2 potions of haste {unknown}
 e - 3 potions of flight {unknown}
 g - 4 potions of curing
 h - 2 potions of agility {unknown}
 j - a potion of heal wounds {unknown}
 n - 2 potions of brilliance {unknown}
Comestibles
 f - a bread ration
 o - 3 meat rations


   Skills:
 + Level 5.0 Fighting
 + Level 5.0 Short Blades
 + Level 1.0 Throwing
 + Level 5.0 Armour
 + Level 1.4 Dodging
 + Level 0.1 Stealth
 + Level 4.7 Shields


You had 6 spell levels left.
You didn't know any spells.

Dungeon Overview and Level Annotations

Branches:
Dungeon (4/15)
 Temple: D:4-7

Altars:
Ashenzari
Hepliaklqana
Nemelex Xobeh
Trog


Message History

You hit the ogre.
The ogre is heavily wounded.
The ogre hits you with a giant club!
* * * LOW HITPOINT WARNING * * *
You hit the ogre.
The ogre is heavily wounded.
You barely miss the ogre.
The ogre is heavily wounded.
You block the ogre's attack.
You hit the ogre but do no damage.
The ogre is heavily wounded.
The ogre barely misses you.
You puncture the ogre!
The ogre is severely wounded.
The ogre hits you with a giant club!
* * * LOW HITPOINT WARNING * * *
You completely miss the ogre.
The ogre is severely wounded.
The ogre hits you with a giant club!
You die...

...#..............# #.....#
...#..............# #.....#
...#......##.....## #.....#
...#......######'## #.....###
...#####..##......# #.......##
##.....#..##......#####.....#..#
#.....'..#.......#............#
#.....#..##.....##.####.####..#
#.....#..##....@O..##.....##..#
##.....#####........#.......#.##
######.....#.....##.#.......#.#
# #.....#........(..._.....# #
#.....#.......)#.......#.# #
#.....#........#.......#.# #
#.....#.....##.##.(...##.# #
#.....#.....##.####.####.#
######.....#......+...........#


You could see an ogre.

Vanquished Creatures
  Sigmund (D:2)
  A phantom (D:4)
  An ogre (D:3)
  The ghost of Sensen the Shooter, an amateur CeHu (D:4)
  A hound (D:4)
  2 bullfrog skeletons
  Terence (D:2)
  3 adders
  An adder skeleton (D:4)
  A worm (D:3)
  A dart slug (D:4)
  2 leopard geckos
  An orc (D:3)
  7 giant cockroaches
  3 goblins
  7 hobgoblins
  4 jackals (D:3)
  5 bats
  2 frilled lizards
  12 kobolds
  6 rats
63 creatures vanquished.

Notes
Turn   | Place    | Note
-------+----------+-------------------------------------------
     0 | D:1      | Alfie the Hill Orc Fighter began the quest for the Orb.
     0 | D:1      | Reached XP level 1. HP: 19/19 MP: 1/1
    74 | D:1      | Reached XP level 2. HP: 25/27 MP: 2/2
   585 | D:2      | Found a sparkling altar of Nemelex Xobeh.
   619 | D:2      | Found a shattered altar of Ashenzari.
   644 | D:2      | Reached XP level 3. HP: 26/33 MP: 3/3
   815 | D:2      | Noticed Sigmund
   829 | D:2      | HP: 1/33 [Sigmund/scythe (2)]
   835 | D:2      | Killed Sigmund
   835 | D:2      | Reached skill level 1 in Dodging
   835 | D:2      | Reached XP level 4. HP: 2/41 MP: 4/4
   835 | D:2      | Reached XP level 5. HP: 2/47 MP: 5/5
   996 | D:2      | Found a bloodstained altar of Trog.
  1066 | D:2      | Noticed Terence
  1085 | D:2      | Killed Terence
  1306 | D:3      | Reached XP level 6. HP: 51/53 MP: 6/6
  2285 | D:4      | Found a hazy altar of Hepliaklqana.
  2454 | D:4      | Noticed Sensen's ghost (amateur CeHu)
  2474 | D:4      | Killed Sensen's ghost
  2474 | D:4      | Reached skill level 5 in Fighting
  2474 | D:4      | Reached XP level 7. HP: 38/61 MP: 7/7
  2758 | D:4      | Reached skill level 5 in Short Blades
  2758 | D:4      | Reached skill level 1 in Throwing
  2758 | D:4      | Reached skill level 5 in Armour
  2808 | D:4      | Slain by an ogre

Skill      XL: |  1  2  3  4  5  6  7 |
---------------+----------------------+-----
Fighting       | 4 5 |  5.0
Short Blades   | 3 4 5 |  5.0
Armour         | 4 5 |  5.0
Dodging        | 1 |  1.4
Shields        | 4 |  4.7
Throwing       | 1 |  1.0
Stealth        | |  0.1

Action                   |  1- 3 |  4- 6 |  7- 9 || total
-------------------------+-------+-------+-------++-------
Melee: Rapier            |   104 |   162 |    37 ||   303
Throw: Tomahawk          |     4 |     7 |    12 ||    23
  Use: Scroll            |     2 |     5 |       ||     7
       Potion            |     2 |       |       ||     2
  Eat: Royal jelly       |       |     1 |       ||     1
       Bread ration      |       |     1 |       ||     1
Armor: Scale mail        |    44 |    43 |    10 ||    97
Dodge: Dodged            |    25 |    51 |     5 ||    81
Block: Shield            |    57 |    70 |    15 ||   142
